 Dungeon Crawl Stone Soup version 0.31.0-9-g3a7656b989 (webtiles) character file.

Game seed: 5510483094732837963

16 qw the Shooter (level 2, -1/16 HPs)
             Began as a Deep Elf Hunter on Feb 2, 2024.
             Succumbed to their own poison gas
             ... on level 1 of the Dungeon.
             The game lasted 00:00:01 (740 turns).

qw the Shooter (Deep Elf Hunter)                     Turns: 740, Time: 00:00:02

Health: -1/16      AC:  3    Str:  8    XL:     2   Next: 41%
Magic:  4/4        EV: 12    Int: 13    God:
Gold:   29         SH:  0    Dex: 18    Spells: 1/1 levels left

rFire   . . .        a - +0 shortbow
rCold   . . .        (shield currently unavailable)
rNeg    . . .        c - +0 leather armour
rPois   .            (no helmet)
rElec   .            (no cloak)
rCorr   .            (no gloves)
SInv    .            (no boots)
Will    .....        (no amulet)
Stlth   ++           (no ring)
HPRegen 0.22/turn    (no ring)
MPRegen 0.09/turn

%: no passive effects
@: lethally poisoned (-1 -> -11)
A: no striking features
a: no special abilities


You were on level 1 of the Dungeon.
You visited 1 branch of the dungeon, and saw 1 of its levels.

You collected 29 gold pieces.


   Skills:
 - Level 1.5 Fighting
 + Level 6.2 Ranged Weapons
 - Level 2.4 Dodging
 - Level 1.2 Stealth


You had one spell level left.
You didn't know any spells.
Your spell library was empty.

Inventory:

Hand Weapons
 a - a +0 shortbow (weapon)
Armour
 c - a +0 leather armour (worn)
Jewellery
 f - a ring of ice
Potions
 h - a potion of heal wounds {unknown}

Dungeon Overview and Level Annotations

Branches:
Dungeon (1/15)

Altars:


Message History

Found a throwing net.
You see here a throwing net.
Partly explored, can't reach some items.
Partly explored, can't reach some items.
733 ||| READING scroll labelled TAUBO LILORUV.
As you read the scroll labelled TAUBO LILORUV, it crumbles to dust.
It is a scroll of amnesia.
You feel forgetful for a moment.
Partly explored, can't reach some items.
734 ||| READING scroll labelled BUC VECE ZUTIE.
As you read the scroll labelled BUC VECE ZUTIE, it crumbles to dust.
It is a scroll of enchant armour.
734 ||| ENCHANTING +0 shortbow.
Partly explored, can't reach some items.
735 ||| READING scroll labelled GEADUZUNNO.
The air fills with toxic fumes!
As you read the scroll labelled GEADUZUNNO, it crumbles to dust.
It was a scroll of poison.
Partly explored, can't reach some items.
736 ||| DROPPING scroll of butterflies.
You drop a scroll of butterflies.
Partly explored, can't reach some items.
What level of the Dungeon? (default 1, ? - help) Sorry, I don't know how to get there.
Enter note:
Enter note:
Enter note:
Enter note:
Enter note:
Enter note:
Enter note:
Enter note:
Enter note: You are engulfed in poison gas.
You are lethally poisoned!
You feel very sick.
738 ||| Stepping ~*~*~tactically~*~*~ (cloud).
You feel very sick.
You see here a scroll of butterflies.
There is a lethal amount of poison in your body!
You feel very sick.
There is a lethal amount of poison in your body!
You die...

........#
#¤~>~¤##...####.##.#
........# ##########.#
#....# ...######
###.#.# ######
...####### #...#.#
...##....# #.....#
.####.##.# ###.#.#
.......#.#########.#.#
..###..#.#0¤¤¤¤¤¤#.#.#
...##..#.#.#####@#.#.#
.#.....#.#.#....¤#.#.#
.###...#.#.#....0#.#.#
.# #...#.#.#######.#.#
####.###.#.........#.#
.........###########.#
.######..# ##.# .#
##.## ##..# .# #..##
#..##


There were no monsters in sight!

Vanquished Creatures
  A dart slug (D:1)
  An endoplasm (D:1)
  A giant cockroach (D:1)
  4 hobgoblins (D:1)
  2 quokkas (D:1)
  A ball python (D:1)
  2 bats (D:1)
  A kobold (D:1)
13 creatures vanquished.

Notes
Turn   | Place    | Note
-------+----------+-------------------------------------------
     0 | D:1      | qw the Deep Elf Hunter began the quest for the Orb.
     0 | D:1      | Reached XP level 1. HP: 12/12 MP: 3/3
     0 | D:1      | 0 ||| qw: Version: 0.3-a-155-g5e7d8dd
     0 | D:1      | 0 ||| qw: Game counter: 1901
     0 | D:1      | 0 ||| qw: Melee chars always use a shield: true
     0 | D:1      | 0 ||| qw: God list: Okawaru
     0 | D:1      | 0 ||| qw: Allow faded altars: false
     0 | D:1      | 0 ||| qw: Do Orc after clearing Dungeon:15 true
     0 | D:1      | 0 ||| qw: Do second Lair branch before Depths: true
     0 | D:1      | 0 ||| qw: Lair rune preference: random
     0 | D:1      | 0 ||| qw: Goals: Normal
     0 | D:1      | 0 ||| PLANNING D:1-11
   230 | D:1      | Reached XP level 2. HP: 11/16 MP: 4/4
   289 | D:1      | Reached skill level 6 in Ranged Weapons
   733 | D:1      | 733 ||| READING scroll labelled TAUBO LILORUV.
   734 | D:1      | 734 ||| READING scroll labelled BUC VECE ZUTIE.
   734 | D:1      | 734 ||| ENCHANTING +0 shortbow.
   735 | D:1      | 735 ||| READING scroll labelled GEADUZUNNO.
   736 | D:1      | 736 ||| DROPPING scroll of butterflies.
   738 | D:1      | 738 ||| Stepping ~*~*~tactically~*~*~ (cloud).
   738 | D:1      | HP: 4/16 [poisoned by you (poison gas)]
   739 | D:1      | HP: 1/16 [poisoned by you (poison gas)]
   740 | D:1      | Succumbed to their own poison gas

Levels and vault maps discovered:
D:1:      grunt_arrival_lava_bath, layout_basic

Skill      XL: |  1  2 |
---------------+-------+-----
Ranged Weapons | 6 |  6.2
Fighting       | |  1.5
Dodging        | |  2.4
Stealth        | |  1.2

Action                     || total
---------------------------++-------
   Fire: Shortbow          ||    40
    Use: Scroll            ||     3
 Armour: Leather armour    ||     3
  Dodge: Dodged            ||     9

Table legend:
 A = Non-vault XP
 B = Vault XP
 C = Vault XP percentage of total XP
 D = Non-vault monster count
 E = Vault monster count
 F = Vault count percentage of total count
                 A         B        C        D         E       F
            +---------+---------+-------+---------+---------+-------
      Total |      24 |       0 |   0.0 |      13 |       0 |   0.0
            +---------+---------+-------+---------+---------+-------
        D:1 |      24 |       0 |   0.0 |      13 |       0 |   0.0
            +---------+---------+-------+---------+---------+-------
